 Dungeon Crawl Stone Soup version 0.31-a0-1549-g5ff9445e89 (webtiles) character file.

Game seed: 5382363965300725735

98 Fodor the Covered (level 4, 0/40 HPs)
             Began as a Minotaur Fighter on Jan 1, 2024.
             Slain by a water moccasin (6 damage)
             ... on level 3 of the Dungeon on Jan 2, 2024.
             The game lasted 00:08:25 (1313 turns).

Fodor the Covered (Minotaur Fighter)                Turns: 1313, Time: 00:08:26

Health: 0/40       AC:  7    Str: 23    XL:     4   Next: 44%
Magic:  12/12      EV:  9    Int:  5    God:
Gold:   148        SH:  0    Dex:  9    Spells: 3/3 levels left

rFire   . . .        a - +0 war axe
rCold   . . .        c - +0 buckler
rNeg    + . .        b - +0 scale mail
rPois   .            (helmet restricted)
rElec   +            (no cloak)
rCorr   .            (no gloves)
SInv    .            (no boots)
Will    .....        (no amulet) Stlth
                     k - ring "Xublic" {Wiz rElec rN+ MP+9}
HPRegen 0.26/turn    (no ring)
MPRegen 0.13/turn

%: wizardry (x1)
@: confused, lethally poisoned (0 -> -3), ambrosia-drunk
A: horns 2, retaliatory headbutt
a: no special abilities


You were on level 3 of the Dungeon.
You visited 1 branch of the dungeon, and saw 3 of its levels.

You collected 148 gold pieces.

Inventory:

Hand Weapons
 a - a +0 war axe (weapon)
Armour
 b - a +0 scale mail (worn)
 c - a +0 buckler (worn)
 n - an orb of energy
Jewellery
 k - the ring "Xublic" (left hand) {Wiz rElec rN+ MP+9}
   (You found it on level 2 of the Dungeon)

   [ring of wizardry]

   Wiz:       It improves your spell success rate.
   rElec:     It insulates you from electricity.
   rN+:       It protects you from negative energy.
   MP+9:      It affects your magic capacity (+9).
Wands
 i - a wand of light (5)
Scrolls
 e - 2 scrolls of teleportation {unknown}
 g - 2 scrolls of fog {unknown}
 j - a scroll of vulnerability {unknown}
 m - 3 scrolls of identify {unknown}
 o - a scroll of enchant weapon {unknown}
Potions
 d - a potion of might
 h - a potion of cancellation {unknown}
 l - a potion of brilliance {unknown}


   Skills:
 + Level 4.3 Fighting
 + Level 3.4 Axes
 + Level 4.7 Armour
 + Level 0.7 Dodging
 + Level 4.2 Shields


You had 3 spell levels left.
You didn't know any spells.
Your spell library was empty.

Dungeon Overview and Level Annotations

Branches:
Dungeon (3/15)

Altars:
Fedhas


Innate Abilities, Weirdness & Mutations

You have a pair of horns on your head.
You reflexively headbutt those who attack you in melee.


Message History

The water moccasin bites you but does no damage.
You barely miss the water moccasin.
Your headbutt misses the water moccasin.
The water moccasin is lightly wounded.
You feel sick.
The water moccasin bites you but does no damage.
The water moccasin bites you.
You are more poisoned.
The water moccasin poisons you!
You closely miss the water moccasin.
The water moccasin is lightly wounded.
You feel very sick.
The water moccasin bites you but does no damage.
The water moccasin bites you.
You barely miss the water moccasin.
Your headbutt misses the water moccasin.
* * * LOW HITPOINT WARNING * * *
You feel very sick. The water moccasin misses you.
The water moccasin bites you but does no damage.
You hit the water moccasin.
The water moccasin is moderately wounded.
* * * LOW HITPOINT WARNING * * *
You feel very sick.
You block the water moccasin's attack. x2
You closely miss the water moccasin.
The water moccasin is moderately wounded.
* * * LOW HITPOINT WARNING * * *
You feel sick. The water moccasin bites you.
* * * LOW HITPOINT WARNING * * *
The water moccasin bites you but does no damage.
You barely miss the water moccasin.
Your headbutt misses the water moccasin.
The water moccasin is moderately wounded.
* * * LOW HITPOINT WARNING * * *
You feel sick. The water moccasin misses you.
It was a potion of ambrosia.
You are confused.
You feel invigorated.
You feel sick. The water moccasin bites you.
You die...

#...##...# ........
#...##...# ......
###..###..## .
......###.....†....# .
....##.....###....# #.
#..........##.....#
.##.##......##.##..#.#..
.......S....##.#..##.### .
#..@##.............#
....#...#..........#....
.............................
...........##................
...........###............###
...........##...........#.###
..............(.............#
............####.........##.#
.........##.# #...#......##..


You could see a water moccasin.

Vanquished Creatures
  A gnoll (D:1)
  3 adders
  A dart slug (D:1)
  A ribbon worm (D:2)
  6 ball pythons
  4 bats
  5 endoplasms
  2 giant cockroaches
  8 goblins
  8 hobgoblins
  3 jackals (D:1)
  5 kobolds
  A quokka (D:1)
  A rat (D:2)
49 creatures vanquished.

Notes
Turn   | Place    | Note
-------+----------+-------------------------------------------
     0 | D:1      | Fodor the Minotaur Fighter began the quest for the Orb.
     0 | D:1      | Reached XP level 1. HP: 19/19 MP: 0/0
   136 | D:1      | Reached XP level 2. HP: 26/27 MP: 1/1
   332 | D:1      | Reached XP level 3. HP: 29/33 MP: 2/2
   795 | D:2      | Upgraded the game from 0.31-a0-1540-g5a0b83f448 to
                  | 0.31-a0-1549-g5ff9445e89
   807 | D:2      | Identified the ring "Xublic" {Wiz rElec rN+ MP+9}
  1028 | D:3      | Reached XP level 4. HP: 32/40 MP: 3/3
  1105 | D:3      | Found a blossoming altar of Fedhas.
  1301 | D:3      | Noticed a water moccasin
  1313 | D:3      | Slain by a water moccasin

Illustrated notes

Levels and vault maps discovered:
D:1:      reono_arrival_mine, layout_basic, minmay_misc_feat_rows
D:2:      layout_rooms
D:3:      layout_rooms, mainiacjoe_overflow_concentric_impassable, uniq_jessica

Skill      XL: |  1  2  3 |
---------------+----------+-----
Fighting       | 4 |  4.3
Armour         | 4 |  4.7
Shields        | 4 |  4.2
Axes           | 3 |  3.4
Dodging        | |  0.7

Action                     |  1- 3 |  4- 6 || total
---------------------------+-------+-------++-------
  Melee: War axe           |    91 |    38 ||   129
         Headbutt          |     9 |     4 ||    13
    Use: Potion            |       |     1 ||     1
 Armour: Scale mail        |    66 |    33 ||    99
  Dodge: Dodged            |    50 |    15 ||    65
  Block: Buckler           |    28 |    15 ||    43

Table legend: (Time is in decaauts)
 A = Elapsed time spent in this place.
 B = Non-inter-level travel time spent in this place.
 C = Inter-level travel time spent in this place.
 D = Time resting spent in this place.
 E = Time spent auto-exploring this place.
 F = Levels seen in this place.
 G = Mean time per level.
                   A        B        C        D        E       F      G
               +--------+--------+--------+--------+--------+-----+--------+
         Total |   1360 |   1328 |     32 |     33 |      0 |   3 |  453.3 |
       Dungeon |   1360 |   1328 |     32 |     33 |      0 |   3 |  453.3 |
               +--------+--------+--------+--------+--------+-----+--------+

Top non-repeatable levels by time:
     D:1: 651 daAuts
     D:2: 388 daAuts
     D:3: 321 daAuts
